AoeStats
← 欢乐小菜鸟

Arena

506818571Analyzed
4v4 RM · 17d ago on Sep 15, 2026· 41m 35s· 8 players
Game mode
Random Map
Map size
Large (8 player)
Population
200
Speed
Normal
Resources
Standard
Victory
Conquest
Starting age
Dark Age
Ending age
Imperial Age
RankedLock teamsTeams togetherTeam positionsShared explorationLock speedFull tech treeHidden civsTurbo modeCheats
Victory
Defeat
🇪🇸 Cumans · Spain
928
+19
🇧🇷 Slavs · Brazil
877
+21
🇨🇳 Celts · China
803
+23
🇮🇳 Mongols · India
799
+24
🇨🇳 Huns · China
1017
-23
🇨🇳 Vietnamese · China
1000
-75
🇨🇳 Franks · China
993
-22
🇨🇳 Wei · China
942
-20
joaoinkgamer
0:38 Loom
12:39 Feudal Age
16:51 Castle Age
15:53 Stone Mining
18:45 Double-Bit Axe
21:17 Town Watch
23:50 Detinets
23:45 Horse Collar
28:29 Forging
31:03 Bow Saw
30:57 Heavy Plow
32:23 Wheelbarrow
36:22 Iron Casting
35:37 Pikeman
36:41 Scale Barding Armor
37:18 Hand Cart
41:05 Imperial Age
38:37 Gold Mining
40:40 Chain Barding Armor
Saoro
0:47 Loom
10:47 Feudal Age
11:32 Double-Bit Axe
12:29 Fletching
14:52 Horse Collar
29:10 Castle Age
29:27 Forging
29:23 Scale Barding Armor
30:47 Bodkin Arrow
31:28 Iron Casting
31:30 Heavy Plow
36:17 Squires
35:37 Pikeman
36:31 Scale Mail Armor
36:51 Town Watch
37:41 Wheelbarrow
39:41 Imperial Age
38:32 Wheelbarrow
38:30 Arson
39:01 Steppe Husbandry
39:33 Bow Saw
42:29 Crop Rotation
43:06 Blast Furnace
42:28 Chain Barding Armor
加加
14:08 Feudal Age
14:54 Double-Bit Axe
16:05 Horse Collar
21:07 Castle Age
21:20 Gold Mining
21:21 Stone Mining
23:13 Stone Shaft Mining
27:12 Bow Saw
27:10 Heavy Plow
28:00 Gold Shaft Mining
28:40 Wheelbarrow
30:41 Hand Cart
34:10 Bloodlines
34:01 Husbandry
36:47 Imperial Age
35:16 Nomads
36:52 Elite Steppe Lancer
37:58 Conscription
38:01 Drill
37:06 Capped Ram
38:27 Siege Ram
39:32 Forging
39:28 Scale Barding Armor
40:50 Iron Casting
Nick76Luo
10:19 Feudal Age
15:54 Castle Age
13:43 Horse Collar
15:16 Double-Bit Axe
16:50 Bow Saw
17:25 Town Watch
20:27 Heavy Plow
22:29 Stone Mining
22:47 Gold Mining
24:15 Gold Shaft Mining
25:07 Stone Shaft Mining
26:18 Wheelbarrow
30:33 Imperial Age
28:24 Hand Cart
27:55 Loom
28:11 Town Patrol
30:33 Devotion
30:28 Herbal Medicine
30:15 Treadmill Crane
30:45 Masonry
30:46 Fortified Wall
30:30 Fletching
30:51 Forging
30:41 Scale Mail Armor
31:20 Bodkin Arrow
31:03 Pikeman
31:28 Arson
31:42 Halberdier
32:18 Capped Ram
34:00 Iron Casting
33:41 Chain Mail Armor
34:35 Murder Holes
38:27 Blast Furnace
37:57 Plate Mail Armor
38:10 Town Patrol
39:01 Heavy Scorpion
39:24 Siege Ram
39:27 Onager
欢乐小菜鸟
0:37 Loom
11:52 Feudal Age
15:56 Castle Age
14:39 Double-Bit Axe
18:03 Wheelbarrow
17:45 Bow Saw
24:48 Hand Cart
30:20 Imperial Age
28:18 Scale Barding Armor
28:13 Town Watch
28:14 Loom
28:35 Gold Mining
28:36 Stone Mining
28:59 Forging
29:21 Husbandry
28:56 Pikeman
29:37 Squires
29:47 Scale Mail Armor
Cornelius amir
3:48 Loom
10:59 Feudal Age
11:42 Horse Collar
11:49 Double-Bit Axe
15:43 Wheelbarrow
19:38 Gold Mining
23:13 Castle Age
21:58 Fletching
22:19 Forging
22:58 Stone Mining
23:12 Padded Archer Armor
23:13 Scale Mail Armor
23:18 Scale Barding Armor
24:12 Heavy Plow
24:26 Bow Saw
素
8:36 Loom
10:29 Feudal Age
11:03 Loom
21:48 Castle Age
28:06 Stone Mining
29:33 Wheelbarrow
32:29 Gold Mining
39:13 Double-Bit Axe
39:15 Horse Collar
42:15 Bow Saw
42:08 Heavy Plow
hold up
1:27 Loom
12:51 Feudal Age
16:38 Castle Age
14:45 Double-Bit Axe
14:48 Horse Collar
18:26 Bow Saw
19:03 Wheelbarrow
19:41 Heavy Plow
24:49 Stone Mining
24:51 Gold Mining
26:57 Hand Cart
30:15 Imperial Age
28:18 Fletching
28:40 Forging
28:36 Scale Barding Armor
29:31 Marauders
30:09 Bloodlines
29:59 Husbandry
31:19 Elite Tarkan
32:20 Conscription
37:45 Chain Barding Armor
38:01 Iron Casting
38:37 Murder Holes
39:03 Ballistics
39:58 Thumb Ring
40:40 Plate Barding Armor
39:51 Elite Skirmisher
41:09 Imperial Skirmisher
Connection lost

Rejoining the realm…

Still unreachable

The connection could not be restored.

Session expired

The server has moved on; the page needs a fresh start.